 Dungeon Crawl Stone Soup version 0.22.1 (webtiles) character file.

658 uaBArt the Conjurer (level 7, -2/52 HPs)
             Began as a Green Draconian Conjurer on Sept 18, 2018.
             Was a Believer of Okawaru.
             Slain by Edmund
             ... wielding a +2 flail of protection
              (10 damage)
             ... on level 4 of the Dungeon.
             The game lasted 00:34:09 (3732 turns).

uaBArt the Conjurer (Green Draconian Conjurer)      Turns: 3732, Time: 00:34:09

Health: -2/52      AC:  7    Str: 10    XL:     7   Next: 30%
Magic:  4/13       EV: 16    Int: 18    God:    Okawaru [**....]
Gold:   239        SH:  0    Dex: 11    Spells: 5/15 levels left

rFire    . . .     SeeInvis .   w - +4 quarterstaff (chaos)
rCold    . . .     Gourm    .   (shield currently unavailable)
rNeg     . . .     Faith    .   (armour unavailable)
rPois    +         Spirit   .   (helmet restricted)
rElec    .         Reflect  .   x - +0 cloak
rCorr    .         Harm     .   (no gloves)
MR       .....                  (no boots)
Stlth    +++.......             h - amulet of magic regeneration
HPRegen  0.17/turn              g - +4 ring of evasion
MPRegen  0.38/turn              u - ring of stealth

@: no status effects
A: breathe noxious fumes, unfitting armour, poison resistance, cold-blooded, AC
+6
a: Breathe Noxious Fumes, Heroism, Renounce Religion


You were on level 4 of the Dungeon.
You worshipped Okawaru.
Okawaru was pleased with you.
You were not hungry.

You visited 1 branch of the dungeon, and saw 4 of its levels.

You collected 239 gold pieces.

Inventory:

Hand Weapons
 c - a +0 club
 e - a +0 short sword
 o - a +2 dagger of venom
 p - a +2 whip of pain
 q - a +3 flail of draining
 v - a +0 lajatang
 w - a +4 quarterstaff of chaos (weapon)
Missiles
 a - 77 stones (quivered)
 f - 54 arrows
 k - 11 poisoned needles
 l - 27 sling bullets
 s - 6 tomahawks
Armour
 r - a +4 chain mail of poison resistance
 t - a +0 cloak
 x - a +0 cloak (worn)
Jewellery
 g - a +4 ring of evasion (left hand)
 h - an amulet of magic regeneration (around neck)
 m - an uncursed ring of fire
 u - a ring of stealth (right hand)
Scrolls
 y - a scroll of identify
Potions
 i - 2 potions of lignification
 j - 2 potions of magic
 n - 4 potions of curing
 z - a potion of mutation {unknown}
Comestibles
 b - 6 rations
 d - a chunk of flesh


   Skills:
 + Level 1.1 Fighting
 + Level 0.7 Short Blades
 + Level 1.5 Maces & Flails
 + Level 2.4 Dodging
 + Level 2.7 Stealth
 + Level 4.6 Spellcasting
 + Level 6.5 Conjurations


You had 5 spell levels left.
You knew the following spells:

 Your Spells              Type           Power        Failure   Level  Hunger
a - Magic Dart            Conj           ####         1%          1    None
b - Searing Ray           Conj           ####..       1%          2    #......
c - Dazzling Spray        Conj/Hex       ###...       11%         3    ###....
d - Iskenderun's Mystic   Conj           ####....     10%         4    ####...

Your spell library contained the following spells:

 Spells                   Type           Power        Failure   Level  Hunger
 Confusing Touch          Hex            #.....       14%         1    None
 Fulminant Prism          Conj/Hex       ###.......   34%         4    ####...
 Force Lance              Conj/Tloc      ###.....     36%         4    ####...
 Confuse                  Hex            #.......     38%         3    ###....
 Gell's Gravitas          Tloc           #.........   38%         3    ###....
 Petrify                  Tmut/Erth      #.......     80%         4    ####...
 Metabolic Englaciation   Hex/Ice        #.........   98%         5    ######.
 Yara's Violent Unravell  Hex/Tmut       #.........   98%         5    ######.


Dungeon Overview and Level Annotations

Branches:
Dungeon (4/15)
 Temple: D:4-7

Altars:
Okawaru
Trog

Annotations:
D:4 Edmund


Innate Abilities, Weirdness & Mutations

You can breathe blasts of noxious fumes.
Your lurid green scales are hard. (AC +6)
You cannot fit into any form of body armour.
Your system is resistant to poisons. (rPois)
You are cold-blooded and may be slowed by cold attacks.


Message History

Casting: Magic Dart (safe; 1% risk of failure)
Confirm with . or Enter, or press ? or * to list all spells.
Aiming: Magic Dart (safe; 1% risk of failure)
Press: ? - help, Shift-Dir - straight line, f/p - Edmund
Aim: Edmund, wielding a flail of protection and wearing a ring mail (severely The magic dart hits Edmund.
Edmund is severely wounded.
Edmund hits you but does no damage.
Casting: Magic Dart (safe; 1% risk of failure)
Confirm with . or Enter, or press ? or * to list all spells.
Aiming: Magic Dart (safe; 1% risk of failure)
Press: ? - help, Shift-Dir - straight line, f/p - Edmund
Aim: Edmund, wielding a flail of protection and wearing a ring mail (severely The magic dart hits Edmund.
Edmund is severely wounded.
Edmund hits you with a flail of protection.
* * * LOW HITPOINT WARNING * * *
There is an open door here.
Edmund hits you with a flail of protection!
You die...

#.#####.....# #..#.
..........#.# #.###
#.#####.....##########..#.
#..#................
#.###..#########.#..
##.#.### ##.... ##.##
#...#. #.# #..### ##@##
#...#. ##..@## #.#...
##.....## ###.####
##.......## ##.#.# #
#.........####...)####
+.........'....)..>...
#.........####..))####
##....<..## ##.#.#
##.....## ###.#


You could see Edmund.

Vanquished Creatures
  A hungry ghost (D:2)
  A black bear (D:4)
  An ogre (D:4)
  A howler monkey (D:4)
  A hound (D:4)
  2 orc wizards (D:4)
  Crazy Yiuf (D:3)
  Terence (D:3)
  3 gnolls (D:3)
  4 adders
  4 worms
  4 dart slugs
  2 leopard geckos (D:1)
  8 orcs
  5 bats
  7 giant cockroaches
  6 goblins
  14 hobgoblins
  8 frilled lizards
  8 kobolds
  11 rats
  A fungus (D:4)
94 creatures vanquished.

Notes
Turn   | Place    | Note
-------+----------+-------------------------------------------
     0 | D:1      | uaBArt the Draconian Conjurer began the quest for the Orb.
     0 | D:1      | Reached XP level 1. HP: 14/14 MP: 3/3
   127 | D:1      | Reached XP level 2. HP: 20/20 MP: 0/5
   609 | D:1      | Reached XP level 3. HP: 22/26 MP: 2/6
  1226 | D:2      | Noticed a hungry ghost
  1247 | D:2      | Killed a hungry ghost
  1247 | D:2      | Reached skill level 1 in Maces & Flails
  1247 | D:2      | Reached skill level 5 in Conjurations
  1247 | D:2      | Reached XP level 4. HP: 22/34 MP: 0/8
  1247 | D:2      | Reached XP level 5. HP: 26/39 MP: 0/9
  1784 | D:2      | Noticed a moth of wrath
  1792 | D:2      | Found a bloodstained altar of Trog.
  2164 | D:2      | Learned a level 2 spell: Searing Ray
  2168 | D:2      | Learned a level 3 spell: Dazzling Spray
  2173 | D:2      | Learned a level 4 spell: Iskenderun's Mystic Blast
  2438 | D:3      | Found a faded altar of an unknown god.
  2438 | D:3      | Noticed Terence
  2451 | D:3      | Killed Terence
  2465 | D:3      | Became a worshipper of Warmaster Okawaru
  2465 | D:3      | Reached * piety under Okawaru
  2712 | D:3      | Reached XP level 6. HP: 41/46 MP: 3/10
  2794 | D:3      | Found a runed door.
  3214 | D:3      | Noticed Crazy Yiuf
  3218 | D:3      | Killed Crazy Yiuf
  3279 | D:4      | Reached skill level 1 in Fighting
  3279 | D:4      | Reached skill level 6 in Conjurations
  3292 | D:4      | Reached ** piety under Okawaru
  3292 | D:4      | Your scales start taking on a lurid green colour.
  3292 | D:4      | Reached XP level 7. HP: 32/52 MP: 0/13
  3292 | D:4      | Gained mutation: Your system is resistant to poisons.
                  | (rPois) [Green Draconian growth]
  3677 | D:4      | Noticed Edmund
  3732 | D:4      | Slain by Edmund

Skill      XL: |  1  2  3  4  5  6 |
---------------+-------------------+-----
Dodging        | 2 |  2.4
Maces & Flails | 1 |  1.5
Stealth        | 2 |  2.7
Conjurations   | 5 6 |  6.5
Spellcasting   | 3 4 |  4.6
Fighting       | 1 |  1.1
Short Blades   | |  0.7

Action                   |  1- 3 |  4- 6 |  7- 9 || total
-------------------------+-------+-------+-------++-------
Melee: Club              |     4 |       |       ||     4
       Unarmed           |     2 |       |       ||     2
       Short sword       |    16 |     9 |       ||    25
       Whip              |       |     2 |       ||     2
       Tailslap          |       |     1 |     5 ||     6
       Flail             |       |     7 |     3 ||    10
       Quarterstaff      |       |       |    19 ||    19
 Cast: Magic Dart        |    72 |   124 |    44 ||   240
       Searing Ray       |       |     6 |     6 ||    12
       Iskenderun's Myst |       |     2 |       ||     2
       Dazzling Spray    |       |     2 |       ||     2
  Use: Scroll            |     2 |     6 |     4 ||    12
       Potion            |       |       |     3 ||     3
  Eat: Chunk             |     2 |     9 |     1 ||    12
       Ration            |     1 |       |       ||     1
Armor: Skin              |    13 |     7 |    18 ||    38
Dodge: Dodged            |    10 |    31 |    29 ||    70
